 Dungeon Crawl Stone Soup version 0.27-a0-286-g37e0bc138e (webtiles) character file.

Game seed: 8252842932028886138

6872 KristoblXynda the Covert (level 10, 0/76 HPs)
             Began as a Spriggan Berserker on Feb 8, 2021.
             Was a High Priest of Trog.
             Killed from afar by an electric eel (17 damage)
             ... with a bolt of electricity
             ... on level 9 of the Dungeon.
             The game lasted 00:15:24 (11552 turns).

KristoblXynda the Covert (Spriggan Berserker)      Turns: 11552, Time: 00:15:25

Health: 0/76       AC:  3    Str: 15    XL:     10   Next: 78%
Magic:  11/11      EV: 30    Int: 10    God:    Trog [*****.]
Gold:   496        SH:  0    Dex: 21    Spells: 9/9 levels left

rFire    . . .     SeeInvis +   G - +3 short sword (freeze)
rCold    . . .     Faith    .   (shield restricted)
rNeg     . . .     Spirit   .   b - +1 animal skin
rPois    .         Reflect  .   (helmet restricted)
rElec    .         Harm     .   (no cloak)
rCorr    .         Rampage  .   (gloves unavailable)
Will     +....                  (boots unavailable)
Stlth    ..........             (no amulet)
HPRegen  0.22/turn              q - +4 ring of slaying
MPRegen  0.12/turn              k - +6 ring of dexterity

@: berserking, quick
A: very small, unfitting armour, see invisible, speed 3
a: Renounce Religion, Berserk, Trog's Hand, Brothers in Arms


You were on level 9 of the Dungeon.
You worshipped Trog.
Trog was extremely pleased with you.
You visited 2 branches of the dungeon, and saw 10 of its levels.

You collected 538 gold pieces.
You spent 42 gold pieces at shops.

Inventory:

Hand Weapons
 F - a +2 vorpal hunting sling
 G - a +3 short sword of freezing (weapon)
Missiles
 p - 79 sling bullets
 C - a throwing net (quivered)
Armour
 b - a +1 animal skin (worn)
 l - a +0 buckler
Jewellery
 a - an uncursed ring of positive energy
 k - a +6 ring of dexterity (right hand)
 q - a +4 ring of slaying (left hand)
 r - an uncursed ring of poison resistance
 u - an uncursed ring of magical power
Wands
 v - a wand of iceblast (10)
 y - a wand of mindburst (15)
 E - a wand of digging (4)
Scrolls
 c - 2 scrolls of fear
 e - a scroll of immolation {unknown}
 f - 7 scrolls of remove curse
 s - a scroll of enchant armour
 w - 4 scrolls of teleportation
 B - a scroll of amnesia
Potions
 d - a potion of resistance {unknown}
 g - 3 potions of flight
 h - 4 potions of haste
 i - 6 potions of might
 j - 2 potions of invisibility {unknown}
 m - 6 potions of heal wounds
 o - 2 potions of brilliance
 t - 2 potions of berserk rage
 x - 2 potions of magic
 z - 4 potions of curing {unknown}
 A - a potion of mutation {unknown}
 D - 3 potions of attraction


   Skills:
 - Level 5.1 Fighting
 + Level 9.7 Short Blades
 + Level 11.3 Dodging
 + Level 12.4 Stealth
 + Level 8.2 Evocations


You had 9 spell levels left.
You didn't know any spells.
Your spell library contained the following spells:

 Spells                   Type           Power        Failure   Level
 Beastly Appendage        Tmut           0%           36%         1
 Summon Small Mammal      Summ           0%           36%         1
 Call Imp                 Summ           0%           50%         2
 Wereblood                Tmut           0%           50%         2
 Call Canine Familiar     Summ           0%           75%         3
 Spider Form              Tmut/Pois      0%           75%         3
 Summon Guardian Golem    Hex/Summ       0%           75%         3
 Ice Form                 Ice/Tmut       0%           98%         4
 Summon Ice Beast         Ice/Summ       0%           98%         4
 Summon Lightning Spire   Summ/Air       0%           98%         4
 Blade Hands              Tmut           0%           100%        5


Dungeon Overview and Level Annotations

Branches:
Dungeon (9/15)             Temple (1/1) D:4
   Lair: D:8-11         Orc: D:9-12

Altars:
Ashenzari
Cheibriados
Dithmenos
Elyvilon
Fedhas
Gozag
Hepliaklqana
Kikubaaqudgha
Makhleb
Nemelex Xobeh
Okawaru
Qazlal
Ru
Sif Muna
Trog
Uskayaw
Vehumet
Wu Jian
Xom
Yredelemnul
Zin
The Shining One

Shops:
D:5 *


Innate Abilities, Weirdness & Mutations

You are very small and have problems with some larger weapons.
You are too small for most types of armour.
You have supernaturally acute eyesight. (SInv)
You cover ground extremely quickly.


Message History

The electric eel is almost dead.
The sky beast completely misses you.
Your unstable footing causes you to fumble your attack.
Your unstable footing causes you to fumble your attack.
The electric eel shoots out a bolt of lightning at you!
The bolt of electricity hits you!
* * * LOW HITPOINT WARNING * * *
The bolt of electricity hits the plant!
You closely miss the electric eel.
The electric eel is almost dead.
The electric eel is no longer moving slowly.
The sky beast completely misses you.
Unknown command.
You barely miss the electric eel.
The electric eel is almost dead.
You closely miss the electric eel.
The electric eel is almost dead.
The electric eel shoots out a bolt of lightning at you!
The bolt of electricity hits you!
You die...

......# #..♣♣P.≈P≈≈♣♣♣≈≈≈≈≈≈≈≈≈#
..##..# #.≈♣≈≈.≈P≈♣♣ ♣♣♣≈≈≈≈≈≈≈#
..##..# #.P♣≈≈.≈≈≈♣ ♣≈≈≈≈≈≈≈#
..##..###.P♣P≈.≈≈P♣♣##P♣≈PP≈≈≈♣#
.Y##.......♣≈≈.≈P≈≈....♣♣♣♣≈≈♣.
..##....)..≈♣≈.≈≈♣....
..##..###..≈♣≈.≈≈♣<.## ..##..#
#..♣♣≈.≈≈♣..# ..##..#
#..≈♣≈.≈@≈♣ # ..##..#
#.♣≈≈≈$P;Y♣ ..##..# #.≈≈PP.≈≈≈≈.
..##..# #.♣≈P≈.≈≈≈♣.# #..#
#.≈≈≈≈.≈≈≈≈... #..#
=≈PPP.P≈≈.#### ..♣≈≈.≈≈#.#
...≈P.≈...#


You could see a sky beast (invisible) and an electric eel.

Vanquished Creatures
  Harold (D:8)
  A two-headed ogre (D:8)
  A cyclops (D:6)
  Joseph (D:8)
  The ghost of VeinyPole the Slinger, a novice SpHu of Okawaru (D:6)
  6 yaks (D:9)
  Menkaure (D:7)
  2 water moccasins
  Duvessa (D:5)
  5 orc warriors
  An ice beast (D:6)
  4 ogres
  A necrophage (D:5)
  A centaur (D:8)
  3 bullfrogs
  Dowan (D:5)
  A wyvern skeleton (D:8)
  4 scorpions
  11 wights
  2 howler monkeys (D:8)
  An electric eel (D:9)
  2 bullfrog zombies
  5 hounds
  A centaur skeleton (D:4)
  A jelly (D:8)
  3 bullfrog skeletons
  An orc priest (D:7)
  9 orc wizards
  3 iguanas
  2 worker ants
  A killer bee zombie (D:8)
  A hound zombie (D:6)
  A hound skeleton (D:6)
  A howler monkey zombie (D:7)
  A worker ant zombie (D:5)
  3 gnolls (D:4)
  9 adders
  3 shadow imps
  4 white imps
  An ooze (D:1)
  An adder skeleton (D:9)
  4 worms
  2 dart slugs (D:3)
  11 leopard geckos
  36 orcs
  8 giant cockroaches
  10 goblins
  10 hobgoblins
  9 jackals
  4 ball pythons
  9 bats
  5 frilled lizards
  2 jackal skeletons
  7 kobolds
  3 leopard gecko skeletons
  A leopard gecko zombie (D:6)
  A quokka zombie (D:7)
  8 rats
  A spectral orc (D:2)
234 creatures vanquished.

Vanquished Creatures (others)
  An ogre (D:9)
  2 plants
3 creatures vanquished.

Grand Total: 237 creatures vanquished

Notes
Turn   | Place    | Note
-------+----------+-------------------------------------------
     0 | D:1      | KristoblXynda the Spriggan Berserker began the quest for
                  | the Orb.
     0 | D:1      | Reached XP level 1. HP: 11/11 MP: 2/2
    61 | D:1      | Reached skill level 1 in Stealth
   256 | D:1      | Reached XP level 2. HP: 16/16 MP: 3/3
   995 | D:1      | Reached skill level 2 in Stealth
  1050 | D:1      | Reached XP level 3. HP: 19/19 MP: 4/4
  1655 | D:2      | Found a basalt altar of Yredelemnul.
  1688 | D:2      | Found a burning altar of Makhleb.
  1744 | D:2      | Found a basalt altar of Yredelemnul.
  1999 | D:2      | Found a shadowy altar of Dithmenos.
  1999 | D:2      | Found a white marble altar of Elyvilon.
  2311 | D:2      | Found a hide-covered altar of Uskayaw.
  2593 | D:3      | Noticed a bullfrog
  2613 | D:3      | Killed a bullfrog
  2614 | D:3      | Reached skill level 5 in Dodging
  2614 | D:3      | Reached skill level 3 in Stealth
  2614 | D:3      | Reached XP level 4. HP: 22/24 MP: 5/5
  2896 | D:3      | Reached ** piety under Trog
  3325 | D:3      | Found a snail-covered altar of Cheibriados.
  3341 | D:3      | Reached XP level 5. HP: 28/28 MP: 6/6
  3984 | D:4      | Reached skill level 4 in Stealth
  4549 | D:4      | Reached XP level 6. HP: 29/32 MP: 7/7
  4648 | D:4      | Found a staircase to the Ecumenical Temple.
  4918 | D:4      | Noticed a moth of wrath
  4920 | D:4      | Found a bloodstained altar of Trog.
  5023 | D:5      | Entered Level 5 of the Dungeon
  5085 | Temple   | Entered the Ecumenical Temple
  5205 | D:5      | Found Cixodwia's General Store.
  5212 | D:5      | Bought a scroll of teleportation for 42 gold pieces
  5252 | D:5      | Reached skill level 5 in Short Blades
  5252 | D:5      | Reached skill level 5 in Stealth
  5835 | D:5      | Reached *** piety under Trog
  6203 | D:5      | Reached XP level 7. HP: 31/37 MP: 8/8
  6514 | D:5      | Noticed Dowan
  6515 | D:5      | Noticed Duvessa
  6558 | D:5      | Killed Duvessa
  6559 | D:5      | Reached skill level 6 in Stealth
  6565 | D:5      | Killed Dowan
  7086 | D:6      | Found a sacrificial altar of Ru.
  7226 | D:6      | Found a large runed translucent door.
  7229 | D:6      | Reached skill level 7 in Stealth
  7229 | D:6      | Reached XP level 8. HP: 42/42 MP: 9/9
  7229 | D:6      | Found a large runed translucent door.
  7231 | D:6      | Noticed VeinyPole's ghost (novice SpHu)
  7775 | D:6      | Noticed a cyclops
  7796 | D:6      | Reached skill level 5 in Fighting
  7801 | D:6      | Reached **** piety under Trog
  7819 | D:6      | Reached skill level 8 in Stealth
  7892 | D:6      | Reached skill level 1 in Evocations
  7957 | D:6      | Killed a cyclops
  7958 | D:6      | Reached skill level 9 in Stealth
  7958 | D:6      | Reached XP level 9. HP: 47/47 MP: 10/10
  8223 | D:6      | Killed VeinyPole's ghost
  8698 | D:7      | Found a shimmering blue altar of Sif Muna.
  8799 | D:7      | Noticed Menkaure
  8820 | D:7      | Killed Menkaure
  8906 | D:7      | Reached skill level 10 in Stealth
  9431 | D:8      | Found a blossoming altar of Fedhas.
  9447 | D:8      | Reached skill level 5 in Evocations
  9521 | D:8      | Noticed Harold
  9533 | D:8      | Killed Harold
  9534 | D:8      | Reached skill level 10 in Dodging
  9746 | D:8      | Reached XP level 10. HP: 51/51 MP: 11/11
  9770 | D:8      | Reached skill level 11 in Stealth
  9906 | D:8      | Noticed a two-headed ogre
  9909 | D:8      | Noticed Joseph
  9939 | D:8      | Killed a two-headed ogre
  9954 | D:8      | Killed Joseph
  9958 | D:8      | Reached ***** piety under Trog
 10669 | D:9      | Reached skill level 12 in Stealth
 11552 | D:9      | Killed from afar by an electric eel

Illustrated notes

Levels and vault maps discovered:
D:1:      sevenhm_arrival_forest_fort_large_4, layout_loops_ring
D:2:      layout_basic, nicolae_overflow_crystal_walls,
          yredelemnul_forgotten_temple_becter, lemuel_coloured_pillars_altar,
          gammafunk_temple_overflow_elements, yredelemnul_altar_generic
D:3:      layout_loops_cross, lemuel_doored_altar, corner_web_ring,
          minmay_diced_spiral
D:4:      layout_basic, minmay_temple_entry_enclosed_plants,
          minmay_misc_feat_columns, minivault_26, tgw_trog
D:5:      layout_cave_pods, serial_shops, shop, uniq_duvessa
D:6:      minmay_clustersquares, layout_basic,
          nicolae_ru_great_annihilating_truth, ebering_ghost_disaster_area,
          serial_glass, glass_columns_a, glass_columns_c, glass_columns_a,
          glass_columns_a, glass_columns_a
D:7:      layout_basic, kennysheep_little_box, chequers_serial_rivers_room_a,
          uniq_menkaure
D:8:      layout_basic, fedhas_altar_2, serial_bayou_pond_b, uniq_joseph,
          uniq_harold
D:9:      layout_long_grid, serial_bayou, serial_bayou_ford_a,
          serial_bayou_lagoon_b, serial_bayou_pond_e, serial_bayou_pond_d,
          lemuel_flamethrower_2
Temple:   dshaligram_water_room_temple

Skill      XL: |  1  2  3  4  5  6  7  8  9 10 |
---------------+-------------------------------+-----
Stealth        | 1 2 3 4 5 7 9 10 12 | 12.4
Fighting       | 3 4 5 |  5.1
Short Blades   | 4 5 6 7 8 9 |  9.7
Dodging        | 5 6 7 8 10 11 | 11.3
Evocations     | 2 6 8 |  8.2

Action                   |  1- 3 |  4- 6 |  7- 9 | 10-12 || total
-------------------------+-------+-------+-------+-------++-------
Melee: Short sword       |   137 |    35 |       |    14 ||   186
       Dagger            |       |   178 |   315 |   206 ||   699
Invok: Berserk           |       |     4 |     9 |     4 ||    17
       Trog's Hand       |       |       |     1 |     1 ||     2
Evoke: Wand              |       |       |     3 |     3 ||     6
  Use: Scroll            |     1 |     7 |     5 |       ||    13
 Stab: Sleeping          |     5 |     9 |    17 |     8 ||    39
       Distracted        |       |     1 |       |       ||     1
       Paralysed         |       |       |     1 |       ||     1
Armor: Animal skin       |    15 |    13 |     8 |     2 ||    38
Dodge: Dodged            |   130 |   160 |   189 |   121 ||   600

Table legend: (Time is in decaauts)
 A = Elapsed time spent in this place.
 B = Non-inter-level travel time spent in this place.
 C = Inter-level travel time spent in this place.
 D = Time resting spent in this place.
 E = Time spent auto-exploring this place.
 F = Levels seen in this place.
 G = Mean time per level.
                   A        B        C        D        E       F      G
               +--------+--------+--------+--------+--------+-----+--------+
         Total |   8991 |   8835 |    156 |   2934 |   4542 |  10 |  899.1 |
       Dungeon |   8936 |   8792 |    144 |   2934 |   4500 |   9 |  992.9 |
        Temple |     55 |     43 |     12 |      0 |     41 |   1 |   55.0 |
               +--------+--------+--------+--------+--------+-----+--------+

Top non-repeatable levels by time:
     D:5: 1464 daAuts
     D:8: 1151 daAuts
     D:1: 1121 daAuts
     D:6: 1105 daAuts
     D:4: 1001 daAuts
     D:3: 910 daAuts
     D:2: 819 daAuts
     D:7: 768 daAuts
     D:9: 593 daAuts
  Temple: 55 daAuts
